TOP OF THE 1ST |
Spokane Trappers batting - Pitching for Las Vegas Stars : RHP Javier Valenzuela
|
Pitching: RHP Javier Valenzuela
|
|
Batting: RHB Jeremy Carr
|
0-0: Ground out 6-3 (Groundball, 6)
|
Batting: RHB Keith Kirkpatrick
|
0-0: Ball 1-0: Fly out, F7 (Flyball, 78M)
|
Batting: LHB Héctor Rentería
|
0-0: Called Strike 0-1: Foul Ball, location: 2F 0-2: Ball 1-2: Strikes out swinging
|
Top of the 1st over - 0 run(s), 0 hit(s), 0 error(s), 0 left on base; Spokane 0 - Las Vegas 0 |
BOTTOM OF THE 1ST |
Las Vegas Stars batting - Pitching for Spokane Trappers : LHP Adrián León
|
Pitching: LHP Adrián León
|
|
Batting: RHB Reginaldo Jaconelli
|
0-0: Ball 1-0: Ball 2-0: Ground out 5-3 (Groundball, 56)
|
Batting: LHB Bryan Foster
|
0-0: Ball 1-0: Called Strike 1-1: Ball 2-1: Foul Ball, location: 2F 2-2: SINGLE (Groundball, 34D)
|
Batting: LHB Eliot Helen
|
0-0: Swinging Strike 0-1: Ball 1-1: Ball 2-1: Fly out, F9 (Flyball, 8RM)
|
Batting: SHB Esteban Silva
|
0-0: Called Strike 0-1: Fly out, F7 (Flyball, 78S)
|
Bottom of the 1st over - 0 run(s), 1 hit(s), 0 error(s), 1 left on base; Spokane 0 - Las Vegas 0 |
TOP OF THE 2ND |
Spokane Trappers batting - Pitching for Las Vegas Stars : RHP Javier Valenzuela
|
Batting: RHB Ramiro Ross
|
0-0: Ball 1-0: Called Strike 1-1: Ball 2-1: Foul Ball, location: 2F 2-2: Strikes out swinging
|
Batting: SHB Nick Cox
|
0-0: Foul Ball, location: 2F 0-1: Ball 1-1: Foul Ball, location: 2F 1-2: Ball 2-2: Foul Ball, location: 2F 2-2: Ball 3-2: Base on Balls
|
Batting: RHB José Gómez
|
0-0: Called Strike 0-1: SINGLE (Groundball, 34S) Nick Cox to second Runner from 2nd tries for 3rd, SAFE, no throw or cutoff
|
Batting: RHB Clyde Kelley
|
0-0: Grounds into double play, 6-4-3 (Groundball, 6M)
|
Top of the 2nd over - 0 run(s), 1 hit(s), 0 error(s), 1 left on base; Spokane 0 - Las Vegas 0 |
BOTTOM OF THE 2ND |
Las Vegas Stars batting - Pitching for Spokane Trappers : LHP Adrián León
|
Batting: RHB Brendan Vigors
|
0-0: Ball 1-0: Ball 2-0: Called Strike 2-1: Ball 3-1: Foul Ball, location: 2F 3-2: Base on Balls
|
Batting: RHB Brian George
|
0-0: Ball 1-0: Foul Ball, location: 2F 1-1: Ball 2-1: Ball 3-1: Base on Balls Brendan Vigors to second
|
Batting: RHB José Zúñiga
|
0-0: Called Strike 0-1: Ball 1-1: Ball 2-1: Foul Ball, location: 2F 2-2: Foul Ball, location: 2F 2-2: Grounds into double play, 1-6-3 (Groundball, 13S) Brendan Vigors to third
|
Batting: RHB Kyle Bacon
|
0-0: Ball 1-0: Called Strike 1-1: Ball 2-1: Foul Ball, location: 2F 2-2: Ground out 5-3 (Groundball, 5L)
|
Bottom of the 2nd over - 0 run(s), 0 hit(s), 0 error(s), 1 left on base; Spokane 0 - Las Vegas 0 |
TOP OF THE 3RD |
Spokane Trappers batting - Pitching for Las Vegas Stars : RHP Javier Valenzuela
|
Batting: LHB Jesús Ramírez
|
0-0: Ground out U3 (Groundball, 3S)
|
Batting: RHB Dani Rodríguez
|
0-0: Swinging Strike 0-1: Ball 1-1: Called Strike 1-2: Strikes out swinging
|
Batting: RHB Jeremy Carr
|
0-0: Called Strike 0-1: Swinging Strike 0-2: SINGLE (Line Drive, 6D)
|
Batting: RHB Keith Kirkpatrick
|
0-0: Ball 1-0: Called Strike 1-1: Foul Ball, location: 2F 1-2: Ground out U3 (Groundball, 3S)
|
Top of the 3rd over - 0 run(s), 1 hit(s), 0 error(s), 1 left on base; Spokane 0 - Las Vegas 0 |
BOTTOM OF THE 3RD |
Las Vegas Stars batting - Pitching for Spokane Trappers : LHP Adrián León
|
Batting: RHB Ryan Campbell
|
0-0: Swinging Strike 0-1: Ball 1-1: Ball 2-1: Ground out 1-3 (Groundball, 15)
|
Batting: RHB Reginaldo Jaconelli
|
0-0: Foul Ball, location: 2F 0-1: Foul Ball, location: 2F 0-2: Strikes out looking
|
Batting: LHB Bryan Foster
|
0-0: Ball 1-0: Ground out U3 (Groundball, 3)
|
Bottom of the 3rd over - 0 run(s), 0 hit(s), 0 error(s), 0 left on base; Spokane 0 - Las Vegas 0 |
TOP OF THE 4TH |
Spokane Trappers batting - Pitching for Las Vegas Stars : RHP Javier Valenzuela
|
Batting: LHB Héctor Rentería
|
0-0: Ball 1-0: Ball 2-0: Ball 3-0: Base on Balls
|
Batting: RHB Ramiro Ross
|
0-0: Called Strike 0-1: Ball 1-1: Ball Héctor Rentería is caught stealing 2nd base 2-1: Called Strike 2-2: Strikes out looking
|
Batting: SHB Nick Cox
|
0-0: Ball 1-0: Called Strike 1-1: Ball 2-1: Foul Ball, location: 2F 2-2: Foul Ball, location: 2F 2-2: Ball 3-2: SINGLE (Flyball, 7LM)
|
Batting: RHB José Gómez
|
0-0: Swinging Strike 0-1: Ball 1-1: Foul Ball, location: 2F 1-2: Foul Ball, location: 2F 1-2: Strikes out swinging
|
Top of the 4th over - 0 run(s), 1 hit(s), 0 error(s), 1 left on base; Spokane 0 - Las Vegas 0 |
BOTTOM OF THE 4TH |
Las Vegas Stars batting - Pitching for Spokane Trappers : LHP Adrián León
|
Batting: LHB Eliot Helen
|
0-0: Ball 1-0: Ground out 6-3 (Groundball, 6M)
|
Batting: SHB Esteban Silva
|
0-0: Called Strike 0-1: Ball 1-1: DOUBLE (Line Drive, 7LD)
|
Batting: RHB Brendan Vigors
|
0-0: Called Strike 0-1: Foul Ball, location: 2F 0-2: Ball 1-2: Foul Ball, location: 2F 1-2: Ball 2-2: Reached on error, E5 (Groundball, 5S) Esteban Silva scores
|
Batting: RHB Brian George
|
0-0: Called Strike 0-1: Ball 1-1: Foul Ball, location: 2F 1-2: Ball 2-2: Foul Ball, location: 2F 2-2: Ball 3-2: SINGLE (Groundball, 6MD) Brendan Vigors to third Runner from 3rd tries for Home, throw and OUT! Brian George to second
|
Batting: RHB José Zúñiga
|
0-0: Foul Ball, location: 2F 0-1: Ball 1-1: Ball 2-1: Ball 3-1: Base on Balls
|
Batting: RHB Kyle Bacon
|
0-0: Called Strike 0-1: Fielders Choice at 2nd, 6-4 (Groundball, 4MS)
|
Bottom of the 4th over - 1 run(s), 2 hit(s), 1 error(s), 1 left on base; Spokane 0 - Las Vegas 1 |
TOP OF THE 5TH |
Spokane Trappers batting - Pitching for Las Vegas Stars : RHP Javier Valenzuela
|
Batting: RHB Clyde Kelley
|
0-0: Called Strike 0-1: Ball 1-1: Foul Ball, location: 2F 1-2: Foul Ball, location: 2F 1-2: Ball 2-2: Foul Ball, location: 2F 2-2: Foul Ball, location: 2F 2-2: Ball 3-2: Fly out, F8 (Line Drive, 8RM)
|
Batting: LHB Jesús Ramírez
|
0-0: Swinging Strike 0-1: Ball 1-1: Foul Ball, location: 2F 1-2: Strikes out swinging
|
Batting: RHB Dani Rodríguez
|
0-0: SINGLE (Flyball, 78S)
|
Batting: RHB Jeremy Carr
|
0-0: Called Strike 0-1: Ball 1-1: Foul Ball, location: 2F 1-2: Foul Ball, location: 2F 1-2: Ground out 3-1 (Groundball, 34)
|
Top of the 5th over - 0 run(s), 1 hit(s), 0 error(s), 1 left on base; Spokane 0 - Las Vegas 1 |
BOTTOM OF THE 5TH |
Las Vegas Stars batting - Pitching for Spokane Trappers : LHP Adrián León
|
Batting: RHB Ryan Campbell
|
0-0: Ball 1-0: DOUBLE (Line Drive, 7LD)
|
Batting: RHB Reginaldo Jaconelli
|
0-0: Intentional Walk
|
Batting: LHB Bryan Foster
|
0-0: Swinging Strike 0-1: Swinging Strike 0-2: Foul Ball, location: 2F 0-2: Ball 1-2: Ball 2-2: Strikes out swinging
|
Pitching: RHP Ching-wei Zi
|
|
Batting: LHB Eliot Helen
|
0-0: Ball 1-0: Swinging Strike 1-1: Ball 2-1: Called Strike 2-2: Ball 3-2: Base on Balls Ryan Campbell to third Reginaldo Jaconelli to second
|
Batting: SHB Esteban Silva
|
0-0: Ball 1-0: Swinging Strike 1-1: Ball 2-1: Grounds into fielders choice 1-2 (Groundball, 23) Reginaldo Jaconelli to third Eliot Helen to second
|
Batting: RHB Brendan Vigors
|
0-0: Called Strike 0-1: Swinging Strike 0-2: Ball 1-2: Ball 2-2: Ball 3-2: Ground out 6-3 (Groundball, 6M)
|
Bottom of the 5th over - 0 run(s), 1 hit(s), 0 error(s), 3 left on base; Spokane 0 - Las Vegas 1 |
TOP OF THE 6TH |
Spokane Trappers batting - Pitching for Las Vegas Stars : RHP Javier Valenzuela
|
Batting: RHB Keith Kirkpatrick
|
0-0: Ball 1-0: Ball 2-0: Ball 3-0: Base on Balls
|
Pitching: LHP Ricardo Díaz
|
|
Batting: LHB Héctor Rentería
|
0-0: Called Strike 0-1: Called Strike 0-2: Strikes out looking
|
Batting: RHB Ramiro Ross
|
0-0: Called Strike 0-1: Ball 1-1: Ball 2-1: Foul Ball, location: 2F 2-2: Ball 3-2: Foul Ball, location: 2F 3-2: Base on Balls Keith Kirkpatrick to second
|
Batting: SHB Nick Cox
|
0-0: Swinging Strike 0-1: Foul Ball, location: 2F 0-2: Ball 1-2: Foul Ball, location: 2F 1-2: Ball 2-2: Strikes out swinging
|
Batting: RHB José Gómez
|
0-0: Ball 1-0: Called Strike 1-1: Ball 2-1: Foul Ball, location: 2F 2-2: Ground out 4-3 (Groundball, 34S)
|
Top of the 6th over - 0 run(s), 0 hit(s), 0 error(s), 2 left on base; Spokane 0 - Las Vegas 1 |
BOTTOM OF THE 6TH |
Las Vegas Stars batting - Pitching for Spokane Trappers : RHP Ching-wei Zi
|
Batting: RHB Brian George
|
0-0: Ball 1-0: Foul Ball, location: 2F 1-1: Called Strike 1-2: Ball 2-2: Ball 3-2: Base on Balls
|
Batting: RHB José Zúñiga
|
0-0: Called Strike 0-1: Ball 1-1: Ball 2-1: Swinging Strike Brian George is caught stealing 2nd base 2-2: Ground out 4-3 (Groundball, 4M)
|
Batting: RHB Kyle Bacon
|
0-0: Called Strike 0-1: Ball 1-1: Ball 2-1: Called Strike 2-2: Fly out, F7 (Flyball, 7LD)
|
Bottom of the 6th over - 0 run(s), 0 hit(s), 0 error(s), 0 left on base; Spokane 0 - Las Vegas 1 |
TOP OF THE 7TH |
Spokane Trappers batting - Pitching for Las Vegas Stars : LHP Ricardo Díaz
|
Batting: RHB Clyde Kelley
|
0-0: Called Strike 0-1: Called Strike 0-2: Strikes out swinging
|
Batting: LHB Jesús Ramírez
|
0-0: Called Strike 0-1: Fly out, F4 (Popup, 4D)
|
Batting: RHB Dani Rodríguez
|
0-0: Foul Ball, location: 2F 0-1: Ball 1-1: Foul Ball, location: 2F 1-2: Ball 2-2: Ball 3-2: SINGLE (Line Drive, 9S)
|
Pitching: RHP Mike Drader
|
|
Batting: RHB Jeremy Carr
|
0-0: Foul Ball, location: 2F 0-1: Foul Ball, location: 2F 0-2: Ball 1-2: Fly out, F8 (Flyball, 8RXD)
|
Top of the 7th over - 0 run(s), 1 hit(s), 0 error(s), 1 left on base; Spokane 0 - Las Vegas 1 |
BOTTOM OF THE 7TH |
Las Vegas Stars batting - Pitching for Spokane Trappers : RHP Ching-wei Zi
|
Batting: RHB Ryan Campbell
|
0-0: Foul Ball, location: 2F 0-1: Foul Ball, location: 2F 0-2: Ball 1-2: Ball 2-2: Hit by Pitch
|
Batting: RHB Reginaldo Jaconelli
|
0-0: Called Strike 0-1: Ball 1-1: Sac Bunt - play at second, runner OUT -> throw to first, DP!
|
Batting: LHB Bryan Foster
|
0-0: Ball 1-0: Swinging Strike 1-1: Ball 2-1: Ball 3-1: Called Strike 3-2: Foul Ball, location: 2F 3-2: Foul Ball, location: 2F 3-2: Strikes out swinging
|
Bottom of the 7th over - 0 run(s), 0 hit(s), 0 error(s), 0 left on base; Spokane 0 - Las Vegas 1 |
TOP OF THE 8TH |
Spokane Trappers batting - Pitching for Las Vegas Stars : RHP Mike Drader
|
Pitching: RHP Flint Gray
|
|
Now at C: Douglas Davis
|
|
Batting: RHB Keith Kirkpatrick
|
0-0: Called Strike 0-1: Swinging Strike 0-2: Ball 1-2: Strikes out swinging
|
Pitching: LHP Jeff Catron
|
|
Batting: LHB Héctor Rentería
|
0-0: Called Strike 0-1: Swinging Strike 0-2: Strikes out swinging
|
Pitching: RHP Júlio Martínez
|
|
Batting: RHB Ramiro Ross
|
0-0: Ball 1-0: Foul Ball, location: 2F 1-1: Ball 2-1: Ball 3-1: Ground out 4-3 (Groundball, 4)
|
Top of the 8th over - 0 run(s), 0 hit(s), 0 error(s), 0 left on base; Spokane 0 - Las Vegas 1 |
BOTTOM OF THE 8TH |
Las Vegas Stars batting - Pitching for Spokane Trappers : RHP Ching-wei Zi
|
Pitching: RHP César Rodríguez
|
|
Batting: LHB Eliot Helen
|
0-0: Called Strike 0-1: Fly out, F7 (Flyball, 8LM)
|
Batting: SHB Esteban Silva
|
0-0: Called Strike 0-1: Called Strike 0-2: Strikes out swinging
|
Batting: RHB Brendan Vigors
|
0-0: Foul Ball, location: 2F 0-1: Swinging Strike 0-2: SINGLE (Groundball, 6MD)
|
Pinch Hitting: RHB Ron Shelton
|
0-0: Called Strike 0-1: Fly out, F7 (Flyball, 78M)
|
Bottom of the 8th over - 0 run(s), 1 hit(s), 0 error(s), 1 left on base; Spokane 0 - Las Vegas 1 |
TOP OF THE 9TH |
Spokane Trappers batting - Pitching for Las Vegas Stars : RHP Júlio Martínez
|
Pitching: RHP Armando López
|
|
Now at 3B: Susumu Sugiyama
|
|
Batting: SHB Nick Cox
|
0-0: Called Strike 0-1: Foul Ball, location: 2F 0-2: Ball 1-2: Strikes out swinging
|
Batting: RHB José Gómez
|
0-0: DOUBLE (Line Drive, 8LS)
|
Pinch Hitting: LHB Melvin White
|
0-0: Called Strike 0-1: Ball 1-1: Ball 2-1: Swinging Strike 2-2: Ball 3-2: Foul Ball, location: 2F 3-2: Base on Balls
|
Pinch Runner at 2nd Jaime Padilla:
|
|
Batting: LHB Jesús Ramírez
|
0-0: Ball 1-0: Foul Ball, location: 2F 1-1: SINGLE (Flyball, 89S) Jaime Padilla to third Melvin White to second Runner from 3rd tries for Home, SAFE, no throw or cutoff
|
Pinch Hitting: RHB Toru Nakanishi
|
0-0: Ball 1-0: Ball 2-0: Foul Ball, location: 2F 2-1: Foul Ball, location: 2F 2-2: Strikes out looking
|
Batting: RHB Jeremy Carr
|
0-0: Ball 1-0: Swinging Strike 1-1: Called Strike 1-2: Strikes out swinging wild pitch, reaches first! Melvin White to third Jesús Ramírez to second
|
Batting: RHB Keith Kirkpatrick
|
0-0: Ball 1-0: Ball 2-0: Ball 3-0: Called Strike 3-1: Base on Balls Melvin White scores Jesús Ramírez to third Jeremy Carr to second
|
Pitching: RHP José Gómes
|
|
Batting: LHB Héctor Rentería
|
0-0: Foul Ball, location: 2F 0-1: Ball 1-1: Foul Ball, location: 2F 1-2: Strikes out swinging
|
Top of the 9th over - 2 run(s), 2 hit(s), 0 error(s), 3 left on base; Spokane 2 - Las Vegas 1 |
BOTTOM OF THE 9TH |
Las Vegas Stars batting - Pitching for Spokane Trappers : RHP César Rodríguez
|
Pitching: LHP Júlio Hernández
|
|
Now at 2B: John Craig
|
|
Now at 3B: Pedro Rodríguez
|
|
Batting: RHB José Zúñiga
|
0-0: Called Strike 0-1: Foul Ball, location: 2F 0-2: Ball 1-2: Strikes out swinging
|
Batting: RHB Kyle Bacon
|
0-0: DOUBLE (Line Drive, 7LD)
|
Batting: RHB Ryan Campbell
|
0-0: Ball 1-0: Ground out 5-3 (Groundball, 56)
|
Batting: RHB Douglas Davis
|
0-0: Ball 1-0: Called Strike 1-1: SINGLE (Line Drive, 3) Kyle Bacon to third Throwing error, E9 Kyle Bacon scores Douglas Davis to second
|
Batting: LHB Bryan Foster
|
0-0: Fly out, F8 (Flyball, 8RM)
|
Bottom of the 9th over - 1 run(s), 2 hit(s), 1 error(s), 1 left on base; Spokane 2 - Las Vegas 2 |
TOP OF THE 10TH |
Spokane Trappers batting - Pitching for Las Vegas Stars : RHP José Gómes
|
Pitching: RHP Wayne Barksdale
|
|
Batting: RHB Ramiro Ross
|
0-0: Called Strike 0-1: Ball 1-1: Called Strike 1-2: Ball 2-2: Strikes out swinging
|
Batting: SHB Nick Cox
|
0-0: Ball 1-0: Ball 2-0: Called Strike 2-1: Ball 3-1: Ground out 6-3 (Groundball, 56D)
|
Batting: LHB Jaime Padilla
|
0-0: Swinging Strike 0-1: SINGLE (Groundball, 4MD) (infield hit)
|
Pinch Runner at 1st Júlio Colón:
|
|
Batting: RHB John Craig
|
0-0: Called Strike 0-1: Swinging Strike 0-2: Ball 1-2: Ball 2-2: Foul Ball, location: 2F 2-2: Foul Ball, location: 2F 2-2: Foul Ball, location: 2F 2-2: Ball 3-2: Foul Ball, location: 2F 3-2: SINGLE (Groundball, 34) Júlio Colón to second Júlio Colón to third
|
Batting: LHB Jesús Ramírez
|
0-0: Ball Balk! Júlio Colón scores John Craig to second 1-0: Swinging Strike 1-1: Ball 2-1: Ball 3-1: Called Strike 3-2: Strikes out swinging
|
Top of the 10th over - 1 run(s), 2 hit(s), 0 error(s), 1 left on base; Spokane 3 - Las Vegas 2 |
BOTTOM OF THE 10TH |
Las Vegas Stars batting - Pitching for Spokane Trappers : LHP Júlio Hernández
|
Pinch Hitting: RHB Xin Zhang
|
0-0: Ball 1-0: Foul Ball, location: 2F 1-1: Foul Ball, location: 2F 1-2: Strikes out swinging
|
Batting: SHB Esteban Silva
|
0-0: DOUBLE (Flyball, 9LD)
|
Batting: RHB Brendan Vigors
|
0-0: Ball 1-0: Ball 2-0: Foul Ball, location: 2F 2-1: Ball 3-1: Fly out, F9 (Flyball, 89XD) Runner from 2nd tags up, SAFE at 3rd, no throw
|
Batting: RHB Susumu Sugiyama
|
0-0: Ball 1-0: Fly out, F8 (Flyball, 8LM)
|
Bottom of the 10th over - 0 run(s), 1 hit(s), 0 error(s), 1 left on base; Spokane 3 - Las Vegas 2 |
|